 Dungeon Crawl Stone Soup version 0.32-a0-41-gec2d92a32c (webtiles) character file.

Game seed: 1933098194395446673

337 lunkers the Purveyor of Pain (level 6, -4/41 HPs)
             Began as a Vampire Necromancer on Jan 25, 2024.
             Was an Initiate of Kikubaaqudgha.
             Slain by an ogre
             ... wielding a +0 giant club
              (17 damage)
             ... on level 4 of the Dungeon.
             The game lasted 00:08:46 (3343 turns).

lunkers the Purveyor of Pain (Vampire Necromancer)  Turns: 3343, Time: 00:08:47

Health: -4/41      AC:  5    Str:  7    XL:     6   Next: 28%
Magic:  2/11       EV: 12    Int: 20    God:    Kikubaaqudgha [......]
Gold:   139        SH:  0    Dex: 14    Spells: 4/12 levels left

rFire   . . .        a - +2 short sword (speed)
rCold   . . .        (no shield)
rNeg    . . .        v - +0 robe
rPois   .            t - +1 helmet
rElec   .            (no cloak)
rCorr   .            (no gloves)
SInv    +            f - +0 pair of boots
Will    .....        (no amulet)
Stlth   ++           (no ring)
HPRegen 0.46/turn    (no ring)
MPRegen 0.12/turn

%: no passive effects
@: healing quickly
A: alive, fangs 3, see invisible, vampiric 2
a: Exsanguinate, Renounce Religion


You were on level 4 of the Dungeon.
You worshipped Kikubaaqudgha.
Kikubaaqudgha was noncommittal.
You visited 2 branches of the dungeon, and saw 5 of its levels.

You collected 139 gold pieces.

Inventory:

Hand Weapons
 a - a +2 short sword of speed (weapon)
 k - a +3 short sword
 w - a +1 dagger of venom
Missiles
 d - a throwing net
Armour
 f - a +0 pair of boots (worn)
 t - a +1 helmet (worn)
 v - a +0 robe (worn)
Wands
 u - a wand of flame (24)
Scrolls
 c - a scroll of vulnerability
 n - a scroll of noise
 z - a scroll of teleportation
Potions
 b - a potion of magic
 e - 5 potions of curing
 g - a potion of degeneration {unknown}
 h - a potion of enlightenment {unknown}
 i - 3 potions of heal wounds
 j - a potion of berserk rage {unknown}
 l - a potion of attraction {unknown}
 p - a potion of haste {unknown}
 r - 2 potions of brilliance
 s - 2 potions of lignification {unknown}
 x - a potion of might {unknown}


   Skills:
 - Level 2.1 Dodging
 - Level 3.0 Stealth
 + Level 3.9 Spellcasting
 * Level 7.3 Necromancy


You had 4 spell levels left.
You knew the following spells:

 Your Spells              Type           Power      Damage    Failure   Level
a - Necrotise             Necr           100%       1d9       1%          1
b - Vampiric Draining     Necr           33%        2d8       1%          3
c - Animate Dead          Necr           33%        N/A       6%          4

Your spell library contained the following spells:

 Spells                   Type           Power      Damage    Failure   Level
 Dazzling Flash           Conj/Hex       6%         N/A       36%         3
 Volatile Blastmotes      Fire/Tloc      6%         2d10      36%         3
 Curse of Agony           Necr           33%        N/A       19%         5
 Starburst                Conj/Fire      1%         6d3       100%        6
 Maxwell's Capacitive Co  Air            1%         ∞         100%        8


Dungeon Overview and Level Annotations

Branches:
Dungeon (4/15)             Temple (1/1) D:4

Altars:
Ashenzari
Cheibriados
Fedhas
Gozag
Hepliaklqana
Kikubaaqudgha
Makhleb
Nemelex Xobeh
Okawaru
Qazlal
Ru
Trog
Uskayaw
Vehumet
Xom
Yredelemnul


Innate Abilities, Weirdness & Mutations

Your natural rate of healing is accelerated.
You have razor-sharp teeth.
You have supernaturally acute eyesight. (SInv)
You are afflicted with vampirism and can become a bat while bloodless.


Message History

Press: ? - help, Q - select action, (/) - cycle Shift-Dir - straight line, f/p - ogre
Aim: an ogre, wielding a +0 giant club (moderately wounded, ally target, chance to affect: 83%)
The ogre barely resists.
The hobgoblin barely misses you.
Your goblin skeleton hits the ogre but does no damage.
The ogre hits you with a +0 giant club!
Unknown command.
Aiming: Necrotise (safe; 1% risk of failure)
Press: ? - help, Q - select action, (/) - cycle Shift-Dir - straight line, f/p - ogre
Aim: an ogre, wielding a +0 giant club (moderately wounded, ally target, chance to affect: 83%)
The ogre barely resists.
Your goblin skeleton crumbles into dust!
The hobgoblin hits you.
* * * LOW HITPOINT WARNING * * *
Unknown command.
Aiming: Necrotise (safe; 1% risk of failure)
Press: ? - help, Q - select action, (/) - cycle Shift-Dir - straight line, f/p - ogre
Aim: an ogre, wielding a +0 giant club (moderately wounded, chance to affect: 83%)
The ogre writhes in agony.
The hobgoblin closely misses you. The ogre hits you with a +0 giant club!
* * * LOW HITPOINT WARNING * * *
Unknown command.
Unknown command.
Aiming: Necrotise (safe; 1% risk of failure)
Press: ? - help, Q - select action, (/) - cycle Shift-Dir - straight line, f/p - ogre
Aim: an ogre, wielding a +0 giant club (heavily wounded, chance to affect: 83%)
The hobgoblin writhes in agony!
You kill the hobgoblin!
Kikubaaqudgha accepts your kill.
The dead are walking!
Unknown command.
Unknown command.
Aiming: Necrotise (safe; 1% risk of failure)
Press: ? - help, Q - select action, (/) - cycle Shift-Dir - straight line, f/p - ogre
Aim: an ogre, wielding a +0 giant club (heavily wounded, ally target, chance to affect: 83%)
The ogre writhes in agony.
* * * LOW MAGIC WARNING * * *
The ogre hits you with a +0 giant club!
You die...
Kikubaaqudgha rasps: "You have failed me!
Welcome... death!"

####......## .....#.....#
.##......#.##
.##......#..##
###......##..##
..#......###..###
.......... ##...##
###...... ###.Z# ####
###...... ##@# ..... ..#
#O##...... #.# #.w.w.....
#.#####..#........)......
...†.....#####...........
)..###..... .............
.....###...#####.........
......... . #..#......
...##..... ...#......


You could see an ogre (ally target), a dart slug and a friendly hobgoblin
skeleton.

Vanquished Creatures
  A scorpion (D:4)
  A bombardier beetle (D:3)
  3 hounds (D:4)
  Ijyb (D:3)
  Robin (D:2)
  An adder (D:3)
  2 dart slugs
  2 ribbon worms (D:2)
  3 orcs
  6 endoplasms
  2 giant cockroaches
  17 goblins
  13 hobgoblins
  3 jackals (D:2)
  3 quokkas
  9 ball pythons
  2 bats
  3 frilled lizards
  11 kobolds
  6 rats
90 creatures vanquished.

Vanquished Creatures (collateral kills)
  A giant cockroach (D:1)
  A goblin (D:1)
  A ball python (D:4)
  A frilled lizard (D:2)
  A kobold (D:2)
5 creatures vanquished.

Grand Total: 95 creatures vanquished

Notes
Turn   | Place    | Note
-------+----------+-------------------------------------------
     0 | D:1      | lunkers the Vampire Necromancer began the quest for the
                  | Orb.
     0 | D:1      | Reached XP level 1. HP: 13/13 MP: 3/3
   131 | D:1      | Reached XP level 2. HP: 19/19 MP: 0/5
   579 | D:1      | Reached skill level 5 in Necromancy
   818 | D:1      | Found a faded altar of an unknown god.
  1031 | D:2      | Gained mutation: You are afflicted with vampirism and can
                  | become a bat while bloodless. [Vampire growth]
  1031 | D:2      | Reached XP level 3. HP: 24/24 MP: 0/6
  1970 | D:3      | Reached XP level 4. HP: 28/30 MP: 4/8
  2164 | D:3      | Noticed Robin
  2236 | D:2      | Killed Robin
  2343 | D:3      | Noticed Ijyb
  2351 | D:3      | Killed Ijyb
  2352 | D:3      | Reached skill level 6 in Necromancy
  2475 | D:3      | Reached XP level 5. HP: 35/35 MP: 3/9
  2479 | D:3      | Learned a level 3 spell: Vampiric Draining
  2484 | D:3      | Learned a level 4 spell: Animate Dead
  2600 | D:3      | Found a snail-covered altar of Cheibriados.
  3005 | D:4      | Reached skill level 7 in Necromancy
  3005 | D:4      | Reached XP level 6. HP: 41/41 MP: 4/11
  3097 | D:4      | Found a staircase to the Ecumenical Temple.
  3115 | Temple   | Entered the Ecumenical Temple
  3147 | Temple   | Became a worshipper of Kikubaaqudgha
  3343 | D:4      | Slain by an ogre

Illustrated notes

Levels and vault maps discovered:
D:1:      dpeg_arrival_windows_large_door, layout_basic,
          hellmonk_ecumenical_altar_leap_of_faith, minmay_pentomino_q4
D:2:      layout_rooms, chequers_serial_rivers_large_a
D:3:      layout_basic, mainiacjoe_overflow_catwalk,
          mainiacjoe_overflow_small_starburst, uniq_robin, uniq_ijyb
D:4:      layout_rooms, minmay_temple_entry_glassed_door,
          kennysheep_generic_room_8
Temple:   nicolae_temple_bog_church

Skill      XL: |  1  2  3  4  5 |
---------------+----------------+-----
Necromancy     | 5 6 7 |  7.3
Spellcasting   | 3 |  3.9
Dodging        | |  2.1
Stealth        | |  3.0

Action                     |  1- 3 |  4- 6 || total
---------------------------+-------+-------++-------
  Melee: Unarmed           |     5 |       ||     5
         Bite              |     2 |     2 ||     4
         Short sword       |     9 |    31 ||    40
   Cast: Necrotise         |    78 |    81 ||   159
    Use: Scroll            |       |    10 ||    10
 Armour: Robe              |    16 |    47 ||    63
  Dodge: Dodged            |    20 |    35 ||    55

Table legend: (Time is in decaauts)
 A = Elapsed time spent in this place.
 B = Non-inter-level travel time spent in this place.
 C = Inter-level travel time spent in this place.
 D = Time resting spent in this place.
 E = Time spent auto-exploring this place.
 F = Levels seen in this place.
 G = Mean time per level.
                   A        B        C        D        E       F      G
               +--------+--------+--------+--------+--------+-----+--------+
         Total |   3351 |   3267 |     84 |      0 |   2604 |   5 |  670.2 |
       Dungeon |   3276 |   3192 |     84 |      0 |   2591 |   4 |  819.0 |
        Temple |     75 |     75 |      0 |      0 |     13 |   1 |   75.0 |
               +--------+--------+--------+--------+--------+-----+--------+

Top non-repeatable levels by time:
     D:1: 1024 daAuts
     D:3: 1023 daAuts
     D:2: 854 daAuts
     D:4: 373 daAuts
  Temple: 75 daAuts
